 Dungeon Crawl Stone Soup version 0.32-a0-933-ga8fa3634e4 (webtiles) character file.

Game seed: 2173892443936039377

9660 GiantSquids the Grappler (level 11, -8/72 HPs)
             Began as an Octopode Shapeshifter on Apr 14, 2024.
             Was a Believer of Makhleb.
             Mangled by a bone dragon (9 damage)
             ... on level 2 of the Abyss.
             The game lasted 00:26:35 (8410 turns).

GiantSquids the Grappler (Octopode Shapeshifter)    Turns: 8410, Time: 00:26:36

Health: -8/72      AC:  5    Str: 18    XL:     11   Next: 50%
Magic:  0/11       EV: 16    Int: 16    God:    Makhleb [**....]
Gold:   202        SH:  0    Dex: 18    Spells: 10/10 levels left

rFire   . .          .
                       - Unarmed
rCold   . . .        (no shield)
rNeg    + . .        (helmet currently unavailable)
rPois   +            e - amulet of guardian spirit
rElec   .            k - +4 ring of protection
rCorr   .            m - ring of Pounn {*Slow rPois Int+4 Dex+6 SInv}
SInv    +            H - ring of willpower
Will    +....        j - ring of positive energy
Stlth   +++++        (no ring)
HPRegen 0.32/turn    (no ring)
MPRegen 0.12/turn    (no ring)
                     (no ring)

%: slow self (1%), guardian spirit
@: beast-form
A: beast (slay +4), almost no armour, amphibious, 8 rings, camouflage 1,
gelatinous body 1, (nimble swimmer 1), tentacles
a: Begin Untransformation, Renounce Religion, Minor Destruction


You were on level 2 of the Abyss.
You worshipped Makhleb.
Makhleb was pleased with you.
You were a hulking beast.
You visited 2 branches of the dungeon, and saw 9 of its levels.
You visited the Abyss 1 time.
You also visited: Ossuary.

You collected 455 gold pieces.
You spent 253 gold pieces at shops.

Inventory:

Missiles
 v - 29 stones
 F - 10 poisoned darts (quivered)
Armour
 i - a +0 hat
Jewellery
 e - an amulet of guardian spirit (around mantle)
 j - a ring of positive energy (on tentacle)
 k - a +4 ring of protection (left tentacle)
 m - the ring of Pounn (right tentacle) {*Slow rPois Int+4 Dex+6 SInv}
   (You found it on level 2 of the Dungeon)

   [ring of dexterity]

   Int+4:     It affects your intelligence (+4).
   Dex+6:     It affects your dexterity (+6).
   rPois:     It protects you from poison.
   SInv:      It lets you see invisible.
   *Slow:     It may slow you when you take damage.
 G - an amulet of reflection
 H - a ring of willpower (on tentacle)
Talismans
 b - a beast talisman (active)
 c - a flux talisman
 K - a serpent talisman
Wands
 a - a wand of roots (14)
 C - a wand of flame (14)
Scrolls
 d - 3 scrolls of fog
 l - 4 scrolls of revelation
 r - 3 scrolls of enchant weapon {unknown}
 t - a scroll of vulnerability {unknown}
 u - 2 scrolls of poison {unknown}
 A - 2 scrolls of fear {unknown}
 B - 5 scrolls of teleportation {unknown}
 E - 4 scrolls of identify
 J - a scroll of enchant armour {unknown}
Potions
 f - 4 potions of enlightenment
 g - 2 potions of might {unknown}
 h - 4 potions of heal wounds
 n - 3 potions of resistance {unknown}
 o - a potion of curing {unknown}
 p - 4 potions of brilliance {unknown}
 q - 3 potions of haste
 s - 4 potions of mutation {unknown}
 w - 2 potions of degeneration {unknown}
 x - 2 potions of attraction {unknown}
 I - a potion of ambrosia {unknown}
Miscellaneous
 y - a sack of spiders
 z - a phantom mirror


   Skills:
 + Level 6.2 Fighting
 + Level 6.4 Dodging
 - Level 9.0 Stealth
 + Level 11.5 Unarmed Combat
 * Level 8.6 Shapeshifting


You had 10 spell levels left.
You didn't know any spells.
Your spell library contained the following spells:

 Spells                   Type           Power      Damage    Failure   Level
 Apportation              Tloc           0%         N/A       26%         1
 Sandblast                Erth           0%         2d4       26%         1
 Summon Small Mammal      Summ           0%         N/A       26%         1
 Ensorcelled Hibernation  Hex/Ice        0%         N/A       36%         2
 Jinxbite                 Hex            0%         N/A       36%         2
 Static Discharge         Conj/Air       0%         3-3/arc   36%         2
 Call Canine Familiar     Summ           0%         N/A       58%         3
 Frozen Ramparts          Ice            0%         1d1       58%         3
 Ozocubu's Armour         Ice            0%         N/A       58%         3
 Passwall                 Erth           0%         N/A       58%         3
 Stone Arrow              Conj/Erth      0%         3d7       58%         3
 Summon Ice Beast         Ice/Summ       0%         N/A       58%         3
 Swiftness                Air            0%         N/A       58%         3
 Airstrike                Air            0%         2d(0-16)  94%         4
 Brom's Barrelling Bould  Conj/Erth      0%         2d3       94%         4
 Summon Blazeheart Golem  Fire/Summ      0%         N/A       94%         4
 Summon Lightning Spire   Summ/Air       0%         N/A       94%         4
 Alistair's Intoxication  Alch           0%         N/A       100%        5
 Metabolic Englaciation   Hex/Ice        0%         N/A       100%        5
 Summon Mana Viper        Hex/Summ       0%         N/A       100%        5
 Monstrous Menagerie      Summ           0%         N/A       100%        7


Dungeon Overview and Level Annotations

Branches:
Dungeon (8/15)             Temple (1/1) D:7            Lair (0/5) D:8
Ossuary (visited)

Altars:
Ashenzari
Dithmenos
Elyvilon
Fedhas
Gozag
Hepliaklqana
Kikubaaqudgha
Makhleb
Okawaru
Sif Muna
Trog
Uskayaw
Vehumet
Wu Jian
Xom
Yredelemnul
Zin
The Shining One

Shops:
D:5 =*   D:6 *   D:7 ?


Innate Abilities, Weirdness & Mutations

You are a hulking beast.
Your limbs bulge with bestial killing power. (Slay +4)
You cannot wear most types of armour.
You are amphibious.
You can wear up to eight rings at the same time.
Your skin changes colour to match your surroundings (Stealth+).
Your rubbery body absorbs attacks. (AC +1, EV +1)
((You are camouflaged when in or above water. (Stealth+)))
You have tentacles for arms and can constrict up to eight enemies at once.


Message History

The red draconian is almost dead.
You constrict the red draconian, but do no damage.
You bludgeon the red draconian! You squeeze the red draconian.
You kill the red draconian!
Makhleb accepts your kill.
You feel better.
You hear a splash.
You see here a +1 heavy hand axe.
A bone dragon comes into view.
You see here a +1 heavy hand axe.
A black mamba comes into view.
An iron imp comes into view.
Okay, then.
Okay, then.
You barely miss the bone dragon. The bone dragon bites you.
The bone dragon claws you! The bone dragon tramples you.
You hold your ground!
You tentacle-slap the bone dragon but do no damage.
Your squeeze misses the bone dragon. The bone dragon bites you!
The bone dragon barely misses you. The bone dragon tramples you!
You hold your ground!
You tentacle-slap the bone dragon but do no damage.
You squeeze the bone dragon, but do no damage.
The bone dragon bites you!!
* * * LOW HITPOINT WARNING * * *
The bone dragon claws you.
* * * LOW HITPOINT WARNING * * *
The bone dragon barely misses you.
Okay, then.
You barely miss the bone dragon. You bludgeon the bone dragon!
You squeeze the bone dragon, but do no damage.
The bone dragon is lightly damaged.
The bone dragon closely misses you. The bone dragon claws you!
* * * LOW HITPOINT WARNING * * *
The bone dragon misses you.
You tentacle-slap the bone dragon but do no damage.
The bone dragon is lightly damaged.
The bone dragon barely misses you. The bone dragon misses you.
The bone dragon tramples you!
You die...

.# . . ..
..## .##..##
.#...#
###...#
#.....####
#..#......#
##D....#. ##
#h#.##. ..#
###.#.. . ##
####.##..####
## #.##......
# ......
....... .
..#... .....
. . ......###
.
###.....##≈#


You could see a bone dragon.

Vanquished Creatures
  A red draconian (Abyss:2)
  A thrashing horror (Abyss:1)
  A two-headed ogre (D:7)
  A deep elf pyromancer (D:7)
  A slime creature (D:7)
  A gargoyle (D:7)
  2 unseen horrors (D:7)
  A rime drake (D:8)
  The ghost of NotBatman the Cudgeller, a novice GrGl (D:4)
  An ancient zyme (Abyss:1)
  2 wraiths (D:7)
  A yak (D:7)
  A steam dragon (D:7)
  A water moccasin (D:7)
  6 ice beasts
  4 orc warriors
  2 sky beasts
  2 black bears
  2 wolves (D:8)
  A centaur (D:6)
  An ogre (D:6)
  3 phantoms (D:6)
  A kobold brigand (D:7)
  2 elf zombies (Ossuary)
  A weeping skull (Ossuary)
  4 bullfrogs
  A gnoll sergeant (D:7)
  3 scorpions
  13 wights
  A howler monkey (D:8)
  2 centaur zombies (Ossuary)
  2 human zombies (Ossuary)
  6 orc priests
  5 bombardier beetles
  2 gnoll boudas
  3 jellies
  A spectral scorpion (Ossuary)
  7 hounds
  Jessica (D:3)
  6 iguanas
  4 orc wizards
  A bullfrog simulacrum (Ossuary)
  3 mummies (Ossuary)
  7 gnolls
  8 adders
  2 shadow imps (D:5)
  3 white imps
  3 ufetubi
  5 adder zombies
  4 ribbon worms
  30 orcs
  6 ball pythons
  7 endoplasms
  2 giant cockroaches
  2 gnoll zombies (Ossuary)
  5 hobgoblins
  A jackal (D:5)
  10 kobolds
  4 quokkas
  3 ball python zombies (Ossuary)
  9 bats
  5 frilled lizards
  7 goblins
  8 jackal zombies (Ossuary)
  4 kobold zombies (Ossuary)
  5 rats
246 creatures vanquished.

Notes
Turn   | Place    | Note
-------+----------+-------------------------------------------
     0 | D:1      | GiantSquids the Octopode Shapeshifter began the quest for
                  | the Orb.
     0 | D:1      | Reached XP level 1. HP: 13/13 MP: 1/1
    73 | D:1      | Reached XP level 2. HP: 18/18 MP: 2/2
   247 | D:1      | Reached skill level 4 in Unarmed Combat
   274 | D:1      | Reached XP level 3. HP: 21/23 MP: 3/3
   797 | D:2      | Reached skill level 1 in Stealth
   868 | D:2      | Reached XP level 4. HP: 25/28 MP: 2/4
   953 | D:2      | Identified the ring of Pounn {*Slow rPois Int+4 Dex+6 SInv}
  1327 | D:3      | Found a radiant altar of Vehumet.
  1332 | D:3      | Noticed Jessica
  1338 | D:3      | Killed Jessica
  1501 | D:3      | Found a glowing golden altar of the Shining One.
  1618 | D:3      | Reached skill level 5 in Unarmed Combat
  1618 | D:3      | Reached XP level 5. HP: 16/33 MP: 3/5
  2034 | D:4      | Reached XP level 6. HP: 38/38 MP: 6/6
  2075 | D:4      | Reached skill level 5 in Stealth
  2281 | D:4      | Reached skill level 6 in Unarmed Combat
  2301 | D:4      | Noticed a black bear
  2310 | D:4      | Killed a black bear
  2311 | D:4      | Reached XP level 7. HP: 35/43 MP: 5/7
  2365 | D:4      | Found a sand-covered staircase.
  2375 | Ossuary  | Entered an ossuary
  2680 | Ossuary  | Reached skill level 7 in Unarmed Combat
  2774 | Ossuary  | Reached XP level 8. HP: 46/48 MP: 8/8
  2950 | D:4      | Found a runed translucent gate.
  2950 | D:4      | Found a runed translucent gate.
  2950 | D:4      | Found a runed translucent gate.
  2950 | D:4      | Noticed NotBatman's ghost (novice GrGl)
  2952 | D:4      | Found a basalt altar of Yredelemnul.
  2988 | D:4      | Killed NotBatman's ghost
  3341 | D:5      | Entered Level 5 of the Dungeon
  3568 | D:5      | Reached skill level 8 in Unarmed Combat
  4101 | D:5      | Found Cuxiry's General Store.
  4126 | D:5      | Reached skill level 9 in Unarmed Combat
  4142 | D:5      | Bought a scroll of identify for 26 gold pieces
  4142 | D:5      | Bought 2 potions of heal wounds for 130 gold pieces
  4256 | D:5      | Found Ysuemanu's Jewellery Shoppe.
  4881 | D:6      | Reached XP level 9. HP: 37/53 MP: 6/9
  5122 | D:6      | Reached skill level 10 in Unarmed Combat
  5264 | D:6      | Upgraded the game from 0.32-a0-931-g5a2cda0630 to
                  | 0.32-a0-933-ga8fa3634e4
  5391 | D:6      | Found Kamoan's General Store.
  5424 | D:6      | Bought a scroll of revelation for 97 gold pieces
  5885 | D:7      | Reached skill level 5 in Shapeshifting
  5983 | D:7      | Found a staircase to the Ecumenical Temple.
  6010 | Temple   | Entered the Ecumenical Temple
  6017 | Temple   | Became a worshipper of Makhleb the Destroyer
  6122 | D:7      | Found Wudateh's Magic Scroll Shop.
  6141 | D:7      | Noticed an unseen horror
  6159 | D:7      | Reached XP level 10. HP: 45/63 MP: 7/10
  6202 | D:7      | Killed an unseen horror
  6593 | D:7      | Noticed a gargoyle
  6612 | D:7      | Killed a gargoyle
  6814 | D:7      | Reached * piety under Makhleb
  6891 | D:7      | Noticed a two-headed ogre
  6896 | D:7      | Noticed a deep elf pyromancer
  6904 | D:7      | Killed a two-headed ogre
  6905 | D:7      | Reached skill level 5 in Dodging
  6911 | D:7      | Noticed an unseen horror
  6924 | D:7      | Reached skill level 5 in Fighting
  6924 | D:7      | Reached skill level 11 in Unarmed Combat
  6930 | D:7      | Killed a deep elf pyromancer
  6945 | D:7      | Killed an unseen horror
  6946 | D:7      | Reached XP level 11. HP: 40/72 MP: 3/11
  7097 | D:7      | Identified the +1 scale mail of the Nine Changing Orbs
                  | {rPois rC+ rCorr}
  7097 | D:7      | Identified the staff "Vigit" {Will+ Conj}
  7704 | D:8      | Found a staircase to the Lair.
  7724 | D:8      | Reached ** piety under Makhleb
  8029 | Abyss:1  | Cast into level 1 of the Abyss (gnoll bouda)
  8196 | Abyss:1  | Noticed a thrashing horror
  8220 | Abyss:1  | Killed a thrashing horror
  8225 | Abyss:1  | Noticed a starcursed mass
  8270 | Abyss:1  | Noticed a tentacled starspawn
  8352 | Abyss:2  | Noticed a red draconian
  8367 | Abyss:2  | Killed a red draconian
  8370 | Abyss:2  | Noticed a bone dragon
  8409 | Abyss:2  | HP: 1/72 [bone dragon (12)]
  8410 | Abyss:2  | Mangled by a bone dragon

Illustrated notes

Levels and vault maps discovered:
D:1:      mrwooster_arrival_statue_3, layout_basic
D:2:      layout_basic, nicolae_twisty_statue_hallways
D:3:      layout_basic, tso_metal_star, nicolae_vehumet_radiance, uniq_jessica
D:4:      layout_basic, nicolae_yredelemnul_ghost_church,
          chequers_ossuary_entry_cave
D:5:      layout_layer_cave, serial_shops, nicolae_shop_just_a_little_nook,
          shop, st_stairs_1, chequers_serial_rivers_room_b
D:6:      layout_loops_ring, serial_shops, shop, kennysheep_dice
D:7:      minmay_the_grid_octo_tiled_octocenter [minmay_the_grid_octo_empty,
          minmay_the_grid_octo_clover, minmay_the_grid_octo_empty,
          minmay_the_grid_octo_chip,
          minmay_the_grid_octo_prize_square_snowflake,
          minmay_the_grid_square_5x5_sharp_hourglass,
          minmay_the_grid_square_5x5_detours, minmay_the_grid_square_5x5_mess,
          minmay_the_grid_square_5x5_fat_x], layout_basic, serial_shops, shop
D:8:      layout_cave_pools, nicolae_overflow_crystal_walls,
          hellmonk_lair_entry_icy, chequers_serial_rivers_micro_b
Temple:   nicolae_temple_no_exploring_needed
Abyss:2:  base:
Temple

Skill      XL: |  1  2  3  4  5  6  7  8  9 10 11 |
---------------+----------------------------------+-----
Unarmed Combat | 4 5 6 7 9 10 11 | 11.5
Stealth        | 1 3 4 6 8 9 |  9.0
Fighting       | 3 5 6 |  6.2
Shapeshifting  | 5 7 8 |  8.6
Dodging        | 3 5 6 |  6.4

Action                     |  1- 3 |  4- 6 |  7- 9 | 10-12 || total
---------------------------+-------+-------+-------+-------++-------
  Melee: Unarmed           |    69 |    56 |   250 |   181 ||   556
         Constrict         |    13 |    23 |    62 |    33 ||   131
         Tentacles         |     7 |    23 |    55 |    53 ||   138
         Punch             |       |     5 |    29 |    16 ||    50
  Throw: Stone             |       |       |     2 |       ||     2
         Dart              |       |       |     3 |    20 ||    23
         Boomerang         |       |       |       |     3 ||     3
         Throwing net      |       |       |       |     2 ||     2
  Evoke: Wand              |       |       |     4 |       ||     4
    Use: Scroll            |       |     2 |     2 |     1 ||     5
         Potion            |       |       |     2 |     2 ||     4
   Stab: Sleeping          |     8 |     7 |    20 |     3 ||    38
         Distracted        |       |       |     2 |     2 ||     4
 Armour: Skin              |    30 |    27 |   108 |    94 ||   259
  Dodge: Dodged            |    42 |    36 |   108 |   116 ||   302

Table legend: (Time is in decaauts)
 A = Elapsed time spent in this place.
 B = Non-inter-level travel time spent in this place.
 C = Inter-level travel time spent in this place.
 D = Time resting spent in this place.
 E = Time spent auto-exploring this place.
 F = Levels seen in this place.
 G = Mean time per level.
                   A        B        C        D        E       F      G
               +--------+--------+--------+--------+--------+-----+--------+
         Total |   8325 |   8107 |    218 |    776 |   4869 |  12 |  693.8 |
       Dungeon |   7531 |   7319 |    212 |    657 |   4732 |   8 |  941.4 |
        Temple |     14 |      8 |      6 |      0 |      0 |   1 |   14.0 |
         Abyss |    373 |    373 |      0 |     78 |      0 |   2 |  186.5 |
       Ossuary |    405 |    405 |      0 |     41 |    137 |   1 |  405.0 |
               +--------+--------+--------+--------+--------+-----+--------+

Top non-repeatable levels by time:
     D:7: 1804 daAuts
     D:5: 1380 daAuts
     D:6: 1022 daAuts
     D:4: 1001 daAuts
     D:2: 754 daAuts
     D:3: 608 daAuts
     D:1: 543 daAuts
     D:8: 414 daAuts
 Ossuary: 405 daAuts
 Abyss:1: 240 daAuts
 Abyss:2: 132 daAuts
  Temple: 14 daAuts
